 Dungeon Crawl Stone Soup version 0.27-a0-686-gaed091b46b (webtiles) character file.

Game seed: 10802639871458329208

6999 sahdkjhfkaj the Slicer (level 11, -4/58 HPs)
             Began as a Vine Stalker Brigand on Mar 20, 2021.
             Was a Follower of Uskayaw.
             Slain by an orc warrior
             ... wielding a +0 glaive
              (21 damage)
             ... on level 9 of the Dungeon.
             The game lasted 00:09:25 (8429 turns).

sahdkjhfkaj the Slicer (Vine Stalker Brigand)       Turns: 8429, Time: 00:09:26

Health: -4/58      AC:  8    Str: 20    XL:     11   Next: 8%
Magic:  0/18       EV: 11    Int: 11    God:    Uskayaw [*.....]
Gold:   507        SH:  0    Dex: 19    Spells: 18/18 levels left

rFire    . . .     SeeInvis .   a - +9 rapier (elec)
rCold    . . .     Faith    .   (no shield)
rNeg     . . .     Spirit   +   w - +2 ring mail {Will+}
rPois    .         Reflect  .   (no helmet)
rElec    .         Harm     .   c - +0 cloak
rCorr    .         Rampage  .   G - +0 pair of gloves
Will     +++..                  y - +0 pair of boots
Stlth    ++++......             (no amulet)
HPRegen  1.19/turn              f - ring of willpower
MPRegen  0.16/turn              t - +6 ring of strength

@: no status effects
A: fangs 3, regeneration 1, magic shield, antimagic bite, no potion heal 3,
deformed body, MP-powered wands
a: Renounce Religion, Stomp


You were on level 9 of the Dungeon.
You worshipped Uskayaw.
Uskayaw was noncommittal.
You visited 2 branches of the dungeon, and saw 10 of its levels.

You collected 507 gold pieces.

Inventory:

Hand Weapons
 a - a +9 rapier of electrocution (weapon)
Missiles
 d - 15 poisoned darts
 e - 2 curare-tipped darts
 H - 7 atropa-tipped darts
Armour
 c - a +0 cloak (worn)
 w - a +2 ring mail of willpower (worn)
 y - a +0 pair of boots (worn)
 G - a +0 pair of gloves (worn)
Jewellery
 f - a ring of willpower (right hand)
 t - a +6 ring of strength (left hand)
 z - a ring of flight
Wands
 p - a wand of iceblast (8)
 B - a wand of polymorph (23)
 D - a wand of paralysis (15)
 F - a wand of charming (4)
Scrolls
 i - a scroll of amnesia
 l - 3 scrolls of immolation {unknown}
 n - 2 scrolls of identify
 o - 3 scrolls of magic mapping
 q - a scroll of holy word {unknown}
 u - 2 scrolls of vulnerability {unknown}
 v - 2 scrolls of teleportation {unknown}
 J - a scroll of noise {unknown}
Potions
 b - 2 potions of haste {unknown}
 g - 5 potions of brilliance
 h - 5 potions of attraction {unknown}
 j - a potion of mutation
 k - a potion of resistance {unknown}
 m - 4 potions of curing
 r - a potion of experience {unknown}
 s - a potion of cancellation
 x - a potion of degeneration {unknown}
 A - a potion of magic
 C - a potion of invisibility {unknown}
 E - a potion of berserk rage {unknown}
 I - 2 potions of might {unknown}


   Skills:
 - Level 7.0 Fighting
 + Level 9.3 Short Blades
 - Level 3.0 Throwing
 - Level 4.0 Armour
 - Level 2.0 Dodging
 + Level 9.3 Stealth
 + Level 1.5 Shields
 - Level 4.0 Spellcasting
 - Level 4.0 Invocations
 + Level 2.7 Evocations


You had 18 spell levels left.
You didn't know any spells.
Your spell library contained the following spells:

 Spells                   Type           Power      Damage    Failure   Level
 Beastly Appendage        Tmut           4%         N/A       36%         1
 Freeze                   Ice            8%         1d3       36%         1
 Magic Dart               Conj           8%         1d3       36%         1
 Shock                    Conj/Air       8%         1d3       36%         1
 Blink                    Tloc           N/A        N/A       50%         2
 Call Imp                 Summ           2%         N/A       50%         2
 Slow                     Hex            2%         N/A       50%         2
 Swiftness                Air            2%         N/A       50%         2
 Wereblood                Tmut           2%         N/A       50%         2
 Conjure Flame            Conj/Fire      2%         6-21      75%         3
 Frozen Ramparts          Ice            4%         1d2       75%         3
 Mephitic Cloud           Conj/Pois/Air  2%         N/A       75%         3
 Ozocubu's Armour         Ice            2%         N/A       75%         3
 Spider Form              Tmut/Pois      1%         N/A       75%         3
 Static Discharge         Conj/Air       2%         N/A       75%         3
 Airstrike                Air            1%         N/A       98%         4
 Hailstorm                Conj/Ice       2%         3d3       98%         4
 Ice Form                 Ice/Tmut       2%         N/A       98%         4
 Summon Ice Beast         Ice/Summ       2%         N/A       98%         4
 Blade Hands              Tmut           1%         N/A       100%        5
 Lightning Bolt           Conj/Air       1%         1d12      100%        5


Dungeon Overview and Level Annotations

Branches:
Dungeon (9/15)             Temple (1/1) D:4            Lair (0/6) D:8
    Orc (0/2) D:9

Altars:
Ashenzari
Cheibriados
Dithmenos
Elyvilon
Fedhas
Gozag
Hepliaklqana
Kikubaaqudgha
Makhleb
Nemelex Xobeh
Okawaru
Qazlal
Ru
Trog
Uskayaw
Vehumet
Wu Jian
Xom
Yredelemnul
Zin
The Shining One
Beogh

Shops:
D:1 *   D:6 [

Annotations:
D:6 1 exclusion, Blork the orc
D:7 1 transporter
D:8 2 transporters
D:9 Harold


Innate Abilities, Weirdness & Mutations

You have razor-sharp teeth.
Your natural rate of healing is unusually fast.
When hurt, damage is shared between your health and your magic reserves.
Your bite disrupts and absorbs the magic of your enemies.
Potions cannot restore your health.
Armour fits poorly on your strangely shaped body.
You expend magic power (3 MP) to strengthen your wands.


Message History

a +0 hand axe; an orc corpse You barely miss the orc.
Your bite misses the orc. The adder barely misses you.
The orc closely misses you.
Harold the Weathered comes into view.
He is wielding a +0 scimitar.
The orc warrior hits you from afar with a +0 glaive!
You puncture the orc! Lightning courses through the orc!
You kill the orc!
The adder bites you. The orc warrior barely misses you.
You can now pass through a line of other dancers.
You closely miss the orc wizard. Your bite misses the orc wizard.
The adder bites you but does no damage.
The orc wizard hits you with a +0 dagger.
You puncture the orc wizard! You bite the orc wizard.
You kill the orc wizard!
The adder barely misses you.
The orc warrior hits you from afar with a +0 glaive!
Harold says, "Let's make it quick, okay?
I've got mouths to feed."
You are too injured to fight recklessly!
You are too injured to fight recklessly!
You are too injured to fight recklessly!
Unknown command.
The adder closely misses you. The adder bites you but does no damage.
The adder misses you.
You can no longer pass through a line of other dancers.
The adder bites you but does no damage. The adder bites you but does no damage.
The adder bites you. The adder completely misses you.
The adder closely misses you.
You puncture the adder!
You kill the adder!
The orc warrior barely misses you.
The orc warrior hits you from afar with a +0 glaive!!
The orc warrior hits you from afar with a +0 glaive!!
* * * LOW HITPOINT WARNING * * *
There is a stone staircase leading up here.
Items here: )) [ รท.
The orc warrior hits you from afar with a +0 glaive!!
You die...

.....PPP.P.# #...........
...........# #########...[.......
.......#...###...................
###..................>...........
#..............>.##########....
#.......#####....#........#..##
##......#...#.)..#........'..#.
#....).'...#.)..#........#..#.
#......#...#.@..#........#..#.
#......#...#)...####'#####..#.
#......#...#.o..............#.
####......#'###@..#######......'.
..................# #....).#.
........########### #......##
........# #........ ........#
#........ ........# ####.....


You could see Harold and an orc warrior.

Vanquished Creatures
  Maggie (D:9)
  A manticore (D:8)
  Joseph (D:9)
  A hornet (D:8)
  9 yaks (D:9)
  3 water moccasins
  4 orc warriors
  3 ice beasts
  A sky beast (D:5)
  3 black bears
  7 ogres
  7 centaurs
  2 phantoms
  2 kobold brigands
  3 bullfrogs (D:7)
  A water moccasin zombie (D:9)
  A scorpion (D:8)
  2 howler monkeys
  2 centaur zombies (D:5)
  3 jellies
  A bullfrog skeleton (D:5)
  5 orc priests
  4 hounds
  Ijyb (D:3)
  Terence (D:3)
  8 orc wizards
  6 worker ants
  A worker ant zombie (D:7)
  A howler monkey skeleton (D:6)
  13 adders
  A shadow imp (D:6)
  A white imp (D:7)
  3 ufetubi
  4 oozes
  An adder zombie (D:9)
  2 worms
  3 dart slugs
  8 leopard geckos
  41 orcs
  6 bats
  3 giant cockroaches
  5 goblins
  7 hobgoblins
  9 jackals
  20 kobolds
  4 quokkas
  3 ball pythons
  3 frilled lizards
  A jackal zombie (D:8)
  6 rats
229 creatures vanquished.

Vanquished Creatures (collateral kills)
  A centaur (D:9)
  A scorpion (D:9)
2 creatures vanquished.

Vanquished Creatures (others)
  A troll (D:9)
1 creature vanquished.

Grand Total: 232 creatures vanquished

Notes
Turn   | Place    | Note
-------+----------+-------------------------------------------
     0 | D:1      | sahdkjhfkaj the Vine Stalker Brigand began the quest for
                  | the Orb.
     0 | D:1      | Reached XP level 1. HP: 11/11 MP: 2/2
   100 | D:1      | Reached skill level 1 in Spellcasting
   100 | D:1      | Reached XP level 2. HP: 15/15 MP: 4/4
   334 | D:1      | Reached skill level 5 in Stealth
   449 | D:1      | Found Oruffaanyli's General Store.
   677 | D:1      | Reached XP level 3. HP: 18/18 MP: 5/5
  1228 | D:2      | Gained mutation: Your natural rate of healing is unusually
                  | fast. [Vine Stalker growth]
  1228 | D:2      | Reached XP level 4. HP: 10/23 MP: 3/6
  1395 | D:2      | Found a shimmering altar of Xom.
  1399 | D:2      | Found a sparkling altar of Nemelex Xobeh.
  1553 | D:2      | Found an ancient bone altar of Kikubaaqudgha.
  1811 | D:3      | Reached skill level 1 in Dodging
  1965 | D:3      | Noticed Ijyb
  1972 | D:3      | Killed Ijyb
  1973 | D:3      | Reached skill level 1 in Evocations
  1973 | D:3      | Reached XP level 5. HP: 28/28 MP: 6/8
  2172 | D:3      | Noticed Terence
  2192 | D:3      | Killed Terence
  2653 | D:4      | Found a staircase to the Ecumenical Temple.
  2657 | D:4      | Reached XP level 6. HP: 32/32 MP: 11/11
  2666 | Temple   | Entered the Ecumenical Temple
  2718 | Temple   | Became a worshipper of Uskayaw the Reveller
  2780 | D:4      | Found an iron altar of Okawaru.
  2802 | D:4      | Reached * piety under Uskayaw
  2809 | D:4      | Reached ** piety under Uskayaw
  3049 | D:4      | Found a snail-covered altar of Cheibriados.
  3071 | D:4      | Reached *** piety under Uskayaw
  3073 | D:4      | Reached XP level 7. HP: 29/36 MP: 12/12
  3344 | D:5      | Entered Level 5 of the Dungeon
  3586 | D:5      | Reached skill level 1 in Armour
  3795 | D:5      | Found an ornate altar of the Wu Jian Council.
  3843 | D:5      | Gained mutation: You have razor-sharp teeth. [Vine Stalker
                  | growth]
  3843 | D:5      | Reached XP level 8. HP: 39/42 MP: 11/13
  4322 | D:5      | Reached skill level 5 in Fighting
  4322 | D:5      | Reached skill level 5 in Short Blades
  4433 | D:6      | Found an opulent altar of Gozag.
  4435 | D:6      | Found a basalt altar of Yredelemnul.
  4497 | D:6      | Reached XP level 9. HP: 47/47 MP: 13/15
  4725 | D:6      | Found a broken altar of Ashenzari.
  4768 | D:6      | You fall into a shaft and drop 2 floors!
  4858 | D:8      | Found a glowing golden altar of the Shining One.
  4880 | D:8      | Found a staircase to the Lair.
  4916 | D:8      | Found a transporter.
  4923 | D:8      | Found a transporter.
  5402 | D:6      | Noticed Blork the orc
  5408 | D:6      | Gained mutation: Armour fits poorly on your strangely
                  | shaped body. [potion of mutation]
  5408 | D:6      | Gained mutation: You expend magic power (3 MP) to
                  | strengthen your wands. [potion of mutation]
  5675 | D:6      | Found Lofazigy's Armour Shoppe.
  5744 | D:7      | Found a transporter.
  6063 | D:7      | Reached skill level 1 in Invocations
  6149 | D:7      | Found a glowing silver altar of Zin.
  6237 | D:7      | Reached **** piety under Uskayaw
  6295 | D:7      | Identified a scroll of acquirement
  6314 | D:7      | Reached XP level 10. HP: 26/53 MP: 10/17
  6472 | D:7      | Found a basalt altar of Yredelemnul.
  6900 | D:8      | Found a sparkling altar of Nemelex Xobeh.
  6960 | D:8      | Paralysed by a hornet for 3 turns
  7067 | D:8      | Noticed a manticore
  7079 | D:8      | Killed a manticore
  7480 | D:9      | Noticed Maggie
  7630 | D:9      | Noticed Joseph
  7641 | D:9      | Killed Joseph
  7675 | D:9      | Found a staircase to the Orcish Mines.
  7754 | D:9      | Reached ***** piety under Uskayaw
  7874 | D:9      | Acquired a +7 rapier of electrocution
  8099 | D:9      | Found a blossoming altar of Fedhas.
  8218 | D:9      | Killed Maggie
  8262 | D:9      | Reached XP level 11. HP: 58/58 MP: 18/18
  8267 | D:9      | Reached skill level 1 in Shields
  8275 | D:9      | Reached ****** piety under Uskayaw
  8392 | D:9      | Noticed Harold
  8429 | D:9      | Slain by an orc warrior

Illustrated notes

Levels and vault maps discovered:
D:1:      wander_arrival_lonely_grave, layout_basic, serial_shops, shop
D:2:      layout_loops_ring, nemelex_xobeh_ov_fountains_minmay,
          xom_teletrap_fun, kiku_gazebo_pond_becter
D:3:      layout_rooms, uniq_ijyb, uniq_terence
D:4:      layout_layer_cave, cheibriados_altar_1, minmay_temple_entry_wispy,
          okawaru_gym_becter
D:5:      corexii_shack_village, layout_gridville, nicolae_wu_jian_wuxing_cycle,
          kennysheep_small_square
D:6:      layout_cave_pools, tgw_sif, grunt_gozag_statues, ashenzari_altar_1,
          serial_shops, shop_fountains, yredelemnul_altar_generic
D:7:      gammafunk_the_bubble [the_bubble_gammafunk_crates], layout_loops_ring,
          lemuel_round_altar, marbit_many_paths, minmay_small_thing
D:8:      gammafunk_beogh_shrine, layout_basic, tso_metal_star,
          lair_entry_dummy, nemelex_lonely_heart_becter
D:9:      layout_irregular_city, fedhas_bush_and_centaur_altar, orc_0_dummy,
          nrook_mini_vaults, uniq_harold, uniq_joseph, uniq_maggie
Temple:   cyrus_temple_forest

Skill      XL: |  1  2  3  4  5  6  7  8  9 10 11 |
---------------+----------------------------------+-----
Spellcasting   | 1 3 4 |  4.0
Fighting       | 2 3 4 5 6 7 |  7.0
Short Blades   | 2 3 4 5 6 9 |  9.3
Stealth        | 5 6 7 9 |  9.3
Dodging        | 1 2 |  2.0
Evocations     | 1 2 |  2.7
Armour         | 1 4 |  4.0
Throwing       | 2 3 |  3.0
Invocations    | 2 4 |  4.0
Shields        | 1 |  1.5

Action                   |  1- 3 |  4- 6 |  7- 9 | 10-12 || total
-------------------------+-------+-------+-------+-------++-------
Melee: Dagger            |    79 |   160 |   338 |   123 ||   700
       Bite              |    22 |    53 |   119 |    65 ||   259
       Rapier            |       |       |       |    50 ||    50
Throw: Dart              |       |     1 |       |       ||     1
Evoke: Wand              |       |       |       |     3 ||     3
  Use: Scroll            |       |     3 |     2 |     3 ||     8
       Potion            |       |       |     5 |       ||     5
 Stab: Sleeping          |     6 |    11 |    26 |     6 ||    49
       Paralysed         |       |     1 |     7 |    13 ||    21
       Distracted        |       |       |     2 |     1 ||     3
Armor: Robe              |    17 |    18 |       |       ||    35
       Ring mail         |       |     2 |   116 |    40 ||   158
       Skin              |       |       |    10 |       ||    10
Dodge: Dodged            |    47 |    75 |   143 |    83 ||   348

Table legend: (Time is in decaauts)
 A = Elapsed time spent in this place.
 B = Non-inter-level travel time spent in this place.
 C = Inter-level travel time spent in this place.
 D = Time resting spent in this place.
 E = Time spent auto-exploring this place.
 F = Levels seen in this place.
 G = Mean time per level.
                   A        B        C        D        E       F      G
               +--------+--------+--------+--------+--------+-----+--------+
         Total |   8263 |   7956 |    307 |    257 |   6112 |  10 |  826.3 |
       Dungeon |   8171 |   7903 |    268 |    257 |   6063 |   9 |  907.9 |
        Temple |     91 |     52 |     39 |      0 |     49 |   1 |   91.0 |
               +--------+--------+--------+--------+--------+-----+--------+

Top non-repeatable levels by time:
     D:8: 1400 daAuts
     D:5: 1024 daAuts
     D:2: 976 daAuts
     D:9: 951 daAuts
     D:7: 874 daAuts
     D:1: 812 daAuts
     D:4: 730 daAuts
     D:6: 705 daAuts
     D:3: 694 daAuts
  Temple: 91 daAuts
